 Dungeon Crawl Stone Soup version 0.29-a0-998-g1987434951 (webtiles) character file.

Game seed: 2367804946309679176

55304 freelancePsychic the Warrior (level 14, -1/202 HPs)
             Began as a Grey Draconian Berserker on Aug 5, 2022.
             Was a High Priest of Trog.
             Succumbed to an orange demon's poison
             ... on level 5 of the Lair of Beasts.
             The game lasted 00:29:33 (21898 turns).

freelancePsychic the Warrior (DrBe)                Turns: 21898, Time: 00:29:34

Health: -1/202     AC: 14    Str: 22    XL:     14   Next: 37%
Magic:  14/14      EV: 15    Int:  8    God:    Trog [*****.]
Gold:   1040       SH:  0    Dex: 13    Spells: 13/13 levels left

rFire   . . .      SeeInvis .   b - +10 morningstar "Eos" {elec, Halo rElec}
rCold   . . .      Faith    .   (no shield)
rNeg    . . .      Spirit   .   (body armour unavailable)
rPois   .          Reflect  .   (helmet restricted)
rElec   +          Harm     .   (no cloak)
rCorr   +          Rampage  .   (no gloves)
Will    ++...                   O - +0 pair of boots
Stlth   ..........              (no amulet)
HPRegen 0.43/turn               N - ring of resist corrosion
MPRegen 0.14/turn               J - ring of willpower

@: berserking (expiring), lethally poisoned (-1 -> -10), marked, glowing, very
quick
A: AC +13, amphibious, unfitting armour, cold-blooded
a: Renounce Religion, Berserk, Trog's Hand, Brothers in Arms


You were on level 5 of the Lair of Beasts.
You worshipped Trog.
Trog was extremely pleased with you.
You visited 2 branches of the dungeon, and saw 15 of its levels.
You also visited: Sewer and Ossuary.

You collected 1040 gold pieces.

Inventory:

Hand Weapons
 b - the +10 morningstar "Eos" (weapon) {elec, Halo rElec}
   (You found it on level 8 of the Dungeon)

   It occasionally discharges a powerful burst of electricity upon striking a
   foe.
   It grants its wielder a halo, revealing invisible creatures and increasing
   accuracy against all within it other than the wielder.
   rElec:     It insulates you from electricity.
 G - a +0 demon whip of chaos
Missiles
 l - 6 javelins
 m - 18 poisoned darts (quivered)
Armour
 O - a +0 pair of boots (worn)
Jewellery
 s - a ring of ice
 x - a ring of positive energy
 I - a ring of flight
 J - a ring of willpower (right hand)
 N - a ring of resist corrosion (left hand)
Wands
 c - a wand of polymorph (7)
 y - a wand of mindburst (8)
 z - a wand of digging (11)
 B - a wand of paralysis (14)
 F - a wand of light (12)
 K - a wand of flame (5)
Scrolls
 h - 2 scrolls of silence
 p - 3 scrolls of teleportation {@r4}
 u - a scroll of magic mapping
 w - a scroll of summoning
 D - a scroll of blinking
 E - 3 scrolls of fog
 M - a scroll of enchant weapon
 P - a scroll of fear
Potions
 a - a potion of magic {unknown}
 d - a potion of ambrosia
 e - a potion of attraction
 f - a potion of mutation
 g - 4 potions of lignification
 i - 4 potions of heal wounds {@q2}
 j - 2 potions of degeneration {unknown}
 k - 4 potions of cancellation
 n - 3 potions of might
 o - 3 potions of haste {unknown}
 q - 3 potions of flight {unknown}
 r - 2 potions of invisibility {unknown}
 t - a potion of resistance {unknown}
 v - 2 potions of brilliance {unknown}
 A - 9 potions of curing {unknown}
Miscellaneous
 C - a box of beasts (inert)


   Skills:
 + Level 15.1 Fighting
 - Level 3.2 Long Blades
 - Level 10.7(14.0) Axes
 - Level 14.6(16.0) Maces & Flails
 + Level 7.2 Dodging
 + Level 9.9 Evocations


You had 13 spell levels left.
You didn't know any spells.
Your spell library was empty.

Dungeon Overview and Level Annotations

Branches:
Dungeon (10/15)            Temple (0/1) D:6            Lair (5/5) D:9
  Swamp (0/4) Lair:3        Snake (0/4) Lair:3        Sewer (visited)
Ossuary (visited)
  Slime: Lair:4-5       Orc: D:9-12

Altars:
Ashenzari
Elyvilon
Kikubaaqudgha
Makhleb
Ru
Xom

Shops:
D:3 (

Annotations:
Lair:1 3 runed translucent doors, quixfox's ghost, journeyman GrEE


Innate Abilities, Weirdness & Mutations

Your dull iron-grey scales are very hard. (AC +13)
You are amphibious.
You cannot fit into any form of body armour.
You are cold-blooded and may be slowed by cold attacks.


Message History

The ball of steam hits you!
* * * LOW HITPOINT WARNING * * *
You hit the ice devil.
Lightning courses through the ice devil!
The ice devil is moderately wounded.
You are engulfed in a cloud of scalding steam.
You are covered in liquid flames!
You feel sick.
You impale the ice devil!!
Lightning courses through the ice devil!
You feel the power of Trog in you as your rage grows.
You kill the ice devil!
Trog accepts your kill.
You are engulfed in a cloud of scalding steam.
* * * LOW HITPOINT WARNING * * *
You are covered in liquid flames!
You feel sick.
You are engulfed in a cloud of scalding steam.
* * * LOW HITPOINT WARNING * * *
You are covered in liquid flames!
* * * LOW HITPOINT WARNING * * *
You are no longer on fire.
* * * LOW HITPOINT WARNING * * *
You feel sick.
The smoke demon hits you but does no damage. x2
The smoke demon hits you.
* * * LOW HITPOINT WARNING * * *
You impale the smoke demon!!
Lightning courses through the smoke demon!
You feel the power of Trog in you as your rage grows.
You kill the smoke demon!
Trog accepts your kill.
You are engulfed in a cloud of scalding steam.
* * * LOW HITPOINT WARNING * * *
You feel sick.
You are too berserk!
* * * LOW HITPOINT WARNING * * *
You feel sick.
You feel a strong urge to attack something.
You die...

####### ≈≈≈≈≈≈≈
#############≈≈≈≈≈≈§
#........#.....≈≈≈≈≈
#...8.8.§#.........≈
#..8.#.§.†§§@._.....
#...8.#§.#.§........
#..#.8...#........≈≈
#...#.8..###############
#..8.8...'.............#
#....)...#...8....8....#
♣♣♣♣+#########.............#
.♣♣P♣♣♣ ######''#######
......♣♣♣ ♣....♣


There were no monsters in sight!

Vanquished Creatures
  Rupert (Lair:3)
  10 hydras
  2 boulder beetles (Lair:5)
  A two-headed ogre (D:10)
  A death knight (D:10)
  A sun demon (Lair:5)
  Amaemon (Lair:1)
  A wizard (Lair:5)
  Pikel (D:5)
  An oklob plant (Lair:5)
  9 elephants
  7 black mambas
  A smoke demon (Lair:5)
  11 cane toads
  A molten gargoyle (Lair:1)
  2 orange demons
  2 torpor snails
  A kobold demonologist (D:10)
  3 gargoyles
  An unseen horror (D:8)
  6 rime drakes
  7 komodo dragons
  5 ice devils (Lair:5)
  A troll (D:10)
  A tyrant leech (Lair:4)
  A slime creature (D:8)
  7 dream sheep (Lair:4)
  9 blink frogs
  A shadow (D:8)
  6 wyverns
  87 yaks
  Grum (D:9)
  2 steam dragons
  Menkaure (D:6)
  4 basilisks
  5 swamp worms
  3 acid dragons (D:8)
  6 nagas (Lair:3)
  6 water moccasins
  3 hell hounds (Lair:5)
  Pargi (Sewer)
  An ice beast (D:7)
  2 black bears
  An orc warrior (D:8)
  A sky beast (D:6)
  25 wolves
  An ogre (D:5)
  4 centaurs
  3 lemures (D:5)
  3 phantoms
  A kobold brigand (D:8)
  11 bullfrogs
  A necrophage (D:5)
  2 scorpions (D:5)
  A wight (D:8)
  8 killer bees
  5 howler monkeys
  9 orc priests
  6 hounds
  4 jellies
  Jessica (D:2)
  An iguana (D:6)
  Natasha (D:3)
  2 hell rats (Lair:2)
  7 orc wizards
  3 mummies (Ossuary)
  4 gnolls (D:3)
  7 adders
  6 river rats (Lair:2)
  A shadow imp (D:7)
  A white imp (D:5)
  2 adder zombies (Ossuary)
  A worm (D:2)
  4 dart slugs
  44 orcs
  4 bats
  6 endoplasms
  A gnoll zombie (Ossuary)
  6 goblins
  5 hobgoblins
  10 ball pythons
  4 frilled lizards
  2 goblin zombies (Ossuary)
  3 hobgoblin zombies (Ossuary)
  14 kobolds
  2 kobold zombies (Ossuary)
  An orc zombie (Ossuary)
  3 quokka zombies (Ossuary)
  7 rats
  5 rat zombies
468 creatures vanquished.

Vanquished Creatures (collateral kills)
  A hydra (Lair:5)
  A swamp worm (Lair:3)
2 creatures vanquished.

Vanquished Creatures (others)
  A bush (Lair:2)
  48 fungi
  56 plants
  7 withered plants (D:7)
112 creatures vanquished.

Grand Total: 582 creatures vanquished

Notes
Turn   | Place    | Note
-------+----------+-------------------------------------------
     0 | D:1      | freelancePsychic the Draconian Berserker began the quest
                  | for the Orb.
     0 | D:1      | Reached XP level 1. HP: 19/19 MP: 1/1
   127 | D:1      | Reached XP level 2. HP: 20/26 MP: 2/2
   772 | D:2      | Reached skill level 1 in Axes
   897 | D:2      | Reached XP level 3. HP: 23/33 MP: 3/3
  1028 | D:2      | Reached ** piety under Trog
  1090 | D:2      | Noticed Jessica
  1097 | D:2      | Killed Jessica
  1098 | D:2      | Reached skill level 4 in Fighting
  1283 | D:2      | Reached XP level 4. HP: 40/40 MP: 4/4
  2239 | D:3      | Found Qipsonud's Weapon Shoppe.
  2375 | D:3      | Found a glowing drain.
  2394 | D:3      | Reached XP level 5. HP: 36/47 MP: 5/5
  2402 | Sewer    | Entered a sewer
  2521 | Sewer    | Noticed Pargi
  2529 | Sewer    | Killed Pargi
  2709 | D:3      | Reached skill level 5 in Fighting
  2713 | D:3      | Reached XP level 6. HP: 55/56 MP: 6/6
  2862 | D:4      | Found a sand-covered staircase.
  2871 | Ossuary  | Entered an ossuary
  3255 | D:4      | Reached *** piety under Trog
  3256 | D:4      | Reached skill level 5 in Axes
  3382 | D:4      | Noticed Natasha
  3401 | D:3      | Killed Natasha
  3495 | D:4      | Found a broken altar of Ashenzari.
  3779 | D:4      | Identified the +1 scale mail "Giomas Gavacw" {rF+}
  3839 | D:4      | Your scales start taking on a dull iron-grey colour.
  3839 | D:4      | Reached XP level 7. HP: 42/62 MP: 7/7
  4320 | D:5      | Entered Level 5 of the Dungeon
  4518 | D:5      | Reached skill level 6 in Fighting
  4668 | D:5      | Noticed Pikel
  4887 | D:5      | Killed Pikel
  4888 | D:5      | Reached skill level 7 in Fighting
  4888 | D:5      | Reached XP level 8. HP: 73/73 MP: 8/8
  6103 | D:5      | Reached skill level 8 in Fighting
  6179 | D:6      | Noticed Menkaure
  6186 | D:6      | Killed Menkaure
  6189 | D:6      | Reached XP level 9. HP: 76/81 MP: 9/9
  6190 | D:6      | Found a staircase to the Ecumenical Temple.
  6709 | D:6      | Found a sacrificial altar of Ru.
  6858 | D:7      | Found an ancient bone altar of Kikubaaqudgha.
  7292 | D:7      | Found a white marble altar of Elyvilon.
  7352 | D:7      | Reached skill level 1 in Evocations
  7505 | D:7      | Noticed an elephant
  7506 | D:7      | Found a shimmering altar of Xom.
  7508 | D:7      | Found a shimmering altar of Xom.
  7508 | D:7      | Found a shimmering altar of Xom.
  7509 | D:7      | Found a shimmering altar of Xom.
  7509 | D:7      | Found a shimmering altar of Xom.
  7509 | D:7      | Found a shimmering altar of Xom.
  7509 | D:7      | Found a shimmering altar of Xom.
  7750 | D:8      | Reached skill level 10 in Axes
  7895 | D:8      | Reached **** piety under Trog
  7977 | D:8      | Found the +10 morningstar "Eos" {elec, Halo rElec}
  7987 | D:8      | HP: 3/80 [slime creature (9)]
  8299 | D:8      | Reached skill level 9 in Fighting
  8957 | D:8      | Reached skill level 1 in Maces & Flails
  9681 | D:9      | Noticed an unseen horror
  9688 | D:8      | Reached XP level 10. HP: 86/91 MP: 10/10
  9727 | D:9      | Noticed Grum
 10575 | D:9      | Killed Grum
 10717 | D:9      | Reached skill level 10 in Fighting
 10717 | D:9      | Reached skill level 5 in Maces & Flails
 10782 | D:9      | Reached skill level 5 in Evocations
 10945 | D:9      | Found a staircase to the Lair.
 11321 | D:10     | Entered Level 10 of the Dungeon
 11337 | D:10     | Noticed a gargoyle
 11340 | D:10     | Noticed a two-headed ogre
 11349 | D:9      | Killed a gargoyle
 11508 | D:10     | Noticed a death knight
 11513 | D:10     | Noticed a gargoyle
 11520 | D:10     | Killed a death knight
 11523 | D:10     | Killed a gargoyle
 11588 | D:10     | Noticed a boulder beetle
 11614 | D:10     | Reached XP level 11. HP: 55/101 MP: 11/11
 11810 | D:10     | Killed a two-headed ogre
 12055 | D:10     | Reached skill level 11 in Fighting
 12206 | D:10     | Noticed a boulder beetle
 12222 | Lair:1   | Entered Level 1 of the Lair of Beasts
 12229 | Lair:1   | Noticed a five-headed hydra
 12247 | Lair:1   | Killed a five-headed hydra
 12758 | Lair:1   | Found a runed translucent gate.
 12758 | Lair:1   | Found a runed translucent gate.
 12758 | Lair:1   | Found a runed translucent gate.
 12766 | Lair:1   | Noticed a minotaur
 12766 | Lair:1   | Noticed quixfox's ghost (journeyman GrEE)
 12981 | Lair:1   | Noticed Amaemon
 13006 | Lair:1   | Killed Amaemon
 13418 | Lair:1   | Reached skill level 10 in Maces & Flails
 13420 | Lair:1   | Noticed an eight-headed hydra
 13435 | Lair:1   | Killed an eight-headed hydra
 13436 | Lair:1   | Reached skill level 12 in Fighting
 13436 | Lair:1   | Reached XP level 12. HP: 112/112 MP: 12/12
 15053 | Lair:2   | Noticed a seven-headed hydra
 15062 | Lair:2   | Killed a seven-headed hydra
 15324 | Lair:3   | Noticed a seven-headed hydra
 15330 | Lair:3   | Killed a seven-headed hydra
 16109 | Lair:3   | Found a staircase to the Snake Pit.
 16214 | Lair:3   | Reached skill level 13 in Fighting
 16235 | Lair:3   | Noticed a four-headed hydra
 16243 | Lair:3   | Killed a four-headed hydra
 16577 | Lair:3   | Found a staircase to the Swamp.
 16618 | Lair:3   | Noticed Rupert
 16633 | Lair:3   | Killed Rupert
 16634 | Lair:3   | Reached XP level 13. HP: 31/122 MP: 13/13
 17965 | Lair:4   | Reached ***** piety under Trog
 18692 | Lair:5   | Entered Level 5 of the Lair of Beasts
 19567 | Lair:5   | Reached skill level 5 in Dodging
 19761 | Lair:5   | Reached skill level 14 in Fighting
 19769 | Lair:5   | Received a gift from Trog
 20892 | Lair:5   | Identified the +0 ring mail of the Trout {rN+ Str+2}
 21000 | Lair:5   | Reached XP level 14. HP: 130/133 MP: 14/14
 21853 | Lair:5   | Found a burning altar of Makhleb.
 21863 | Lair:5   | Reached skill level 15 in Fighting
 21895 | Lair:5   | HP: 9/202 [burnt (4)]
 21896 | Lair:5   | HP: 3/202 [poisoned by an orange demon]
 21897 | Lair:5   | HP: 1/202 [poisoned by an orange demon]
 21898 | Lair:5   | Succumbed to an orange demon's poison

Illustrated notes

Levels and vault maps discovered:
D:1:      sevenhm_arrival_forest_fort_large_2, layout_rooms
D:2:      layout_loops_ring, uniq_jessica
D:3:      layout_loops_cross, serial_shops, nicolae_shop_waterfront,
          portal_sewer_entry_d
D:4:      layout_cave_pods, nicolae_overflow_hidden_temple, enter_ossuary_3,
          kennysheep_generic_room_8, uniq_natasha
D:5:      layout_basic, kennysheep_dice, uniq_pikel
D:6:      layout_gridville, mainiacjoe_overflow_small_starburst,
          minmay_temple_entry_stoned_glass, uniq_menkaure
D:7:      layout_basic, xom_shifter_show, kiku_gazebo_garden_becter,
          elyvilon_altar_3, hex_medium
D:8:      nzn_winding_woodlands_cross [nzn_winding_woodlands_5x15_cabin,
          nzn_winding_woodlands_5x15_crooked,
          nzn_winding_woodlands_5x15_sidewinder,
          nzn_winding_woodlands_5x15_zeroes,
          nzn_winding_woodlands_15x15_eel_pit], layout_rooms, grunt_ministairs_8
D:9:      layout_cave_pods, dpeg_oklobed_lair, st_stairs_7, uniq_grum
D:10:     layout_cave_pools, lemuel_zombie_altar_yredelemnul, minivault_20,
          dilly_guarded_unrand_devastator
Lair:1:   layout_gridlike, maelrawn_ghost_gauntlet_escape,
          chequers_serial_rivers_micro_b, chequers_serial_rivers_micro_e,
          uniq_amaemon
Lair:2:   layout_regular_city, kennysheep_rathole, infiniplex_staircase_pool_2
Lair:3:   layout_chaotic_city, palyth_hydra_swamp_entry,
          minmay_snake_entry_guardpost_medium, uniq_rupert
Lair:4:   layout_cave_pods, chequers_serial_rivers_large_a, worms_lemuel,
          grunt_megastairs_5, lemuel_fruit_tree
Lair:5:   evil_forest, layout_small_grid, slime_entry_2, serial_bayou_pond_a

Skill      XL: |  1  2  3  4  5  6  7  8  9 10 11 12 13 14 |
---------------+-------------------------------------------+-----
Axes           | 1 2 3 4 5 8 9 10 | 10.7
Fighting       | 4 5 7 8 9 10 12 13 14 15 | 15.1
Evocations     | 3 5 7 9 |  9.9
Maces & Flails | 2 7 10 12 14 | 14.6
Dodging        | 3 6 7 |  7.2
Long Blades    | |  3.2

Action                   |  1- 3 |  4- 6 |  7- 9 | 10-12 | 13-15 || total
-------------------------+-------+-------+-------+-------+-------++-------
Melee: Hand axe          |    59 |   245 |   210 |       |       ||   514
       Falchion          |     4 |       |       |       |       ||     4
       Tailslap          |     5 |    32 |    46 |    72 |    91 ||   246
       Punch             |       |     6 |     7 |     1 |     6 ||    20
       Broad axe         |       |       |    94 |       |       ||    94
       War axe           |       |       |    29 |       |       ||    29
       Morningstar       |       |       |    24 |   352 |   407 ||   783
Throw: Dart              |       |       |     3 |     3 |       ||     6
Invok: Berserk           |       |     4 |     6 |    13 |     7 ||    30
       Trog's Hand       |       |     1 |     4 |     3 |     2 ||    10
Evoke: Wand              |       |       |     3 |     3 |     5 ||    11
       Box of beasts     |       |       |       |     2 |     2 ||     4
  Use: Scroll            |       |     8 |     5 |     8 |     4 ||    25
       Potion            |       |       |       |     1 |       ||     1
 Stab: Sleeping          |     3 |     1 |       |       |       ||     4
       Invisible         |       |       |       |       |     2 ||     2
       Distracted        |       |       |       |       |     1 ||     1
Armor: Skin              |    19 |    90 |   186 |   137 |   153 ||   585
Dodge: Dodged            |    39 |   176 |   247 |   187 |   232 ||   881

Table legend: (Time is in decaauts)
 A = Elapsed time spent in this place.
 B = Non-inter-level travel time spent in this place.
 C = Inter-level travel time spent in this place.
 D = Time resting spent in this place.
 E = Time spent auto-exploring this place.
 F = Levels seen in this place.
 G = Mean time per level.
                   A        B        C        D        E       F      G
               +--------+--------+--------+--------+--------+-----+--------+
         Total |  22127 |  21375 |    752 |   5647 |  12363 |  17 | 1301.6 |
       Dungeon |  11875 |  11314 |    561 |   2740 |   6665 |  10 | 1187.5 |
          Lair |   9700 |   9509 |    191 |   2753 |   5483 |   5 | 1940.0 |
         Sewer |    179 |    179 |      0 |      0 |    100 |   1 |  179.0 |
       Ossuary |    372 |    372 |      0 |    153 |    114 |   1 |  372.0 |
               +--------+--------+--------+--------+--------+-----+--------+

Top non-repeatable levels by time:
  Lair:4: 2943 daAuts
     D:8: 2280 daAuts
     D:5: 1804 daAuts
  Lair:1: 1770 daAuts
  Lair:3: 1711 daAuts
  Lair:5: 1688 daAuts
  Lair:2: 1586 daAuts
     D:7: 1266 daAuts
     D:9: 1260 daAuts
     D:4: 1126 daAuts
     D:3: 1015 daAuts
     D:2: 952 daAuts
     D:1: 775 daAuts
     D:6: 762 daAuts
    D:10: 632 daAuts
